 Dungeon Crawl Stone Soup version 0.29.1-12-g30fa7ad0bf (webtiles) character file.

Game seed: 6858600327189247636

109 MisterFreud the Sneak (level 4, 0/31 HPs)
             Began as a Felid Berserker on Jan 14, 2023.
             Was a Believer of Trog.
             Slain by an orc
             ... wielding a +3 trident
              (9 damage)
             ... on level 3 of the Dungeon.
             The game lasted 00:02:39 (2494 turns).

MisterFreud the Sneak (Felid Berserker)             Turns: 2494, Time: 00:02:39

Health: 0/31       AC:  1    Str: 19    XL:     4   Next: 60%
Magic:  5/5        EV: 18    Int:  8    God:    Trog [**....]
Gold:   108        SH:  0    Dex: 17    Spells: 3/3 levels left
                                        Lives:  0   Deaths: 1

rFire   . . .      SeeInvis +     - Unarmed
rCold   . . .      Faith    .   (shield unavailable)
rNeg    . . .      Spirit   .   (body armour unavailable)
rPois   .          Reflect  .   (helmet unavailable)
rElec   .          Harm     .   (cloak unavailable)
rCorr   .          Rampage  .   (gloves unavailable)
Will    .....                   (boots unavailable)
Stlth   ..........              (no amulet)
HPRegen 0.10/turn               i - +6 ring of strength
MPRegen 0.09/turn               (no ring)

@: berserking (expiring), very quick
A: very small, claws 1, fangs 3, see invisible, speed 1, shaggy fur 1, stealthy
paws, no weapons or thrown items, no armour, multi-lived
a: Renounce Religion, Berserk, Trog's Hand


You were on level 3 of the Dungeon.
You worshipped Trog.
Trog was pleased with you.
You visited 1 branch of the dungeon, and saw 3 of its levels.

You collected 150 gold pieces.
You spent 42 gold pieces at shops.

Inventory:

Jewellery
 a - a ring of fire
 i - a +6 ring of strength (left paw)
Scrolls
 c - 3 scrolls of identify
 d - a scroll of immolation
 e - a scroll of noise
 g - a scroll of teleportation
 j - a scroll of acquirement {unknown}
 k - a scroll of blinking
Potions
 b - 2 potions of curing
 h - a potion of attraction {unknown}


   Skills:
 - Level 3.0 Fighting
 - Level 4.0 Dodging
 + Level 4.9 Stealth
 + Level 4.7 Unarmed Combat


You had 3 spell levels left.
You didn't know any spells.
Your spell library was empty.

Dungeon Overview and Level Annotations

Branches:
Dungeon (3/15)

Altars:
Ashenzari
Vehumet

Shops:
D:1 !


Innate Abilities, Weirdness & Mutations

You have sharp claws.
You have razor-sharp teeth.
You have supernaturally acute eyesight. (SInv)
You cover ground quickly. (Speed+)
You are covered in fur. (AC +1)
Your paws help you pounce on unaware monsters.
You are incapable of wielding weapons or throwing items.
You cannot wear armour.
You gain extra lives every three experience levels.


Message History

The orc wizard blocks your attack.
The orc wizard is lightly wounded.
The orc wizard blocks your attack.
The orc wizard is lightly wounded.
The orc wizard casts a spell at you. The puff of flame misses you.
The orc hits you from afar with a +3 trident.
The orc wizard blocks your attack.
The orc wizard is lightly wounded.
The orc wizard completely misses you.
The orc hits you from afar with a +3 trident.
The orc priest casts a cantrip, but nothing happens.
You barely miss the orc wizard.
The orc wizard is lightly wounded.
The orc wizard blocks your attack.
Your bite misses the orc wizard.
The orc wizard is lightly wounded.
The orc wizard barely misses you.
The orc hits you from afar with a +3 trident.
The orc wizard blocks your attack.
The orc wizard is lightly wounded.
You are too injured to fight recklessly!
The orc wizard blocks your attack.
The orc wizard is lightly wounded.
The orc closely misses you.
The orc wizard hits you with a +0 dagger.
The orc wizard blocks your attack.
The orc wizard is lightly wounded.
The orc wizard barely misses you.
The orc hits you from afar with a +3 trident.
* * * LOW HITPOINT WARNING * * *
The orc wizard blocks your attack.
The orc wizard is lightly wounded.
You closely miss the orc wizard.
The orc wizard is lightly wounded.
The orc wizard closely misses you. The orc closely misses you.
The orc wizard blocks your attack.
You bite the orc wizard.
The orc wizard is heavily wounded.
The orc wizard misses you.
The orc hits you from afar with a +3 trident!
You die...

#.............
....###
#.##.#########
#.....#
######.......#
#.....#
#............#
#......
#.####.#...#.#
#..>..# #.##.##.#
#.<...# ...#.##.#
###.### ##.##.##.#
#.# ####.##@# ####.#
#.##o# #####....###
######
#.##oo...............
.....##
#.##o.......!#.......
##.#..# #.##.....#..
#....... ##+##'###
#.##........##.......
..#.....#
#.##.................
..#.....#
#.##.#.####..(.......
##'##'##+.###.##...#
####.......


You could see an orc priest, an orc wizard (reflecting) and 2 orcs.

Vanquished Creatures
  A necrophage (D:3)
  An orc wizard (D:2)
  A gnoll (D:1)
  2 adders (D:2)
  2 orcs (D:3)
  4 endoplasms
  4 giant cockroaches
  4 goblins
  2 hobgoblins
  6 jackals (D:1)
  4 kobolds
  A quokka (D:1)
  4 ball pythons
  2 bats
  5 frilled lizards
  5 rats
48 creatures vanquished.

Notes
Turn   | Place    | Note
-------+----------+-------------------------------------------
     0 | D:1      | MisterFreud the Felid Berserker began the quest for the
                  | Orb.
     0 | D:1      | Reached XP level 1. HP: 10/10 MP: 2/2
   124 | D:1      | Reached skill level 1 in Stealth
   357 | D:1      | Reached XP level 2. HP: 14/14 MP: 3/3
   764 | D:1      | Reached XP level 3. HP: 13/17 MP: 4/4
   981 | D:1      | Found Oviev's Distillery.
   986 | D:1      | Bought a potion of curing for 42 gold pieces
  1400 | D:2      | Found a broken altar of Ashenzari.
  1501 | D:2      | Found a faded altar of an unknown god.
  1718 | D:2      | Reached ** piety under Trog
  1732 | D:2      | Reached XP level 4. HP: 8/21 MP: 5/5
  2287 | D:3      | Killed from afar by an orc priest
  2288 | D:3      | Reached XP level 3. HP: 0/25 MP: 4/4
  2295 | D:3      | Noticed a necrophage
  2307 | D:3      | Killed a necrophage
  2308 | D:3      | Reached XP level 4. HP: 16/21 MP: 5/5
  2371 | D:3      | Found a radiant altar of Vehumet.
  2494 | D:3      | Slain by an orc

Illustrated notes

Levels and vault maps discovered:
D:1:      ncdulo_wetmaze, layout_basic, serial_shops, shop_fountains,
          st_stairs_10
D:2:      layout_basic, basic_altar, chequers_ecumenical_altar_island,
          minmay_tetromino_o4
D:3:      layout_loops_ring, mainiacjoe_overflow_24_doors

Skill      XL: |  1  2  3  4 |
---------------+-------------+-----
Stealth        | 1 2 3 4 |  4.9
Unarmed Combat | 4 |  4.7
Fighting       | |  3.0
Dodging        | |  4.0

Action                   |  1- 3 |  4- 6 || total
-------------------------+-------+-------++-------
Melee: Unarmed           |    99 |    41 ||   140
       Bite              |    10 |     3 ||    13
       Punch             |     3 |       ||     3
Invok: Berserk           |     2 |     2 ||     4
  Use: Scroll            |     4 |     1 ||     5
 Stab: Sleeping          |     3 |       ||     3
Armor: Skin              |     3 |     4 ||     7
Dodge: Dodged            |    74 |    30 ||   104
